 Dungeon Crawl Stone Soup version 0.31-a0-187-gba352fbbf7 (webtiles) character file.

Game seed: 16136946635381104236

2239 qw the Skirmisher (level 9, -4/50 HPs)
             Began as a Deep Elf Hunter on June 22, 2023.
             Was a Follower of Okawaru.
             Slain by an orc warrior
             ... wielding a +0 war axe
              (15 damage)
             ... on level 7 of the Dungeon.
             The game lasted 00:01:56 (5471 turns).

qw the Skirmisher (Deep Elf Hunter)                 Turns: 5471, Time: 00:01:56

Health: -4/50      AC:  9    Str: 16    XL:     9   Next: 14%
Magic:  12/13      EV: 18    Int: 15    God:    Okawaru [*.....]
Gold:   373        SH:  0    Dex: 20    Spells: 8/8 levels left

rFire   . . .        j - +0 shortbow (heavy)
rCold   . . .        (shield currently unavailable)
rNeg    . . .        l - +0 ring mail
rPois   .            n - +0 helmet
rElec   .            (no cloak)
rCorr   .            h - +0 pair of gloves
SInv    .            (no boots)
Will    .....        g - amulet of regeneration
Stlth   +++          a - +6 ring of strength
HPRegen 1.08/turn    (no ring)
MPRegen 0.13/turn

%: no passive effects
@: about to teleport, heroic
A: no striking features
a: Renounce Religion, Heroism


You were on level 7 of the Dungeon.
You worshipped Okawaru.
Okawaru was aware of your devotion.
You visited 1 branch of the dungeon, and saw 7 of its levels.

You collected 373 gold pieces.


   Skills:
 - Level 3.0(8.0) Fighting
 + Level 13.5(18.5) Ranged Weapons
 - Level 1.6(6.6) Armour
 - Level 6.5(11.5) Dodging
 - Level 1.2(6.2) Stealth
 + Level 3.3 Invocations


You had 8 spell levels left.
You didn't know any spells.
Your spell library was empty.

Inventory:

Hand Weapons
 j - a +0 heavy shortbow (weapon)
Armour
 h - a +0 pair of gloves (worn)
 l - a +0 ring mail (worn)
 n - a +0 helmet (worn)
 p - the +2 ring mail of Sorcery {Dex+2}
   (You found it on level 7 of the Dungeon)

   Dex:       It affects your dexterity (+2).
Jewellery
 a - a +6 ring of strength (left hand)
 g - an amulet of regeneration (around neck)
Scrolls
 e - a scroll of fear {unknown}
 k - 2 scrolls of identify
 q - 2 scrolls of vulnerability {unknown}
Potions
 b - 2 potions of haste
 c - 3 potions of might
 d - 3 potions of mutation
 f - a potion of resistance
 i - 3 potions of enlightenment
 m - a potion of magic
 o - a potion of curing {unknown}

Dungeon Overview and Level Annotations

Branches:
Dungeon (7/15)             Temple (0/1) D:7

Altars:
Dithmenos
Elyvilon
Makhleb
Nemelex Xobeh
Okawaru
Uskayaw
Wu Jian
The Shining One

Annotations:
D:2 1 runed translucent door, Crazy Yiuf


Message History

You kill the howler monkey!
Okawaru accepts your kill. The ogre barely misses you.
Your Invocations skill increases to level 3!
You shoot an arrow. The arrow barely misses the ogre.
You shoot an arrow. The arrow barely misses the ogre.
You hear a shout!
The ogre misses you.
An orc comes into view. It is wielding a +0 short sword.
The orc warrior misses you.
You hear a howl!
You shoot an arrow. The arrow hits the ogre.
The ogre is severely wounded.
The ogre misses you.
You shoot an arrow. The arrow hits the ogre.
The ogre is severely wounded.
The orc warrior completely misses you. The black bear closely misses you. x2
The black bear claws you. The ogre closely misses you.
You shoot an arrow. The arrow hits the ogre!!
You kill the ogre!
Okawaru accepts your kill. The black bear closely misses you. x2
The black bear claws you but does no damage.
The orc warrior hits you with a +0 war axe!
You shoot an arrow. The arrow hits the orc warrior!!
The orc warrior is severely wounded.
The black bear bites you.
The black bear claws you but does no damage.
The black bear barely misses you. The orc warrior barely misses you.
The orc closely misses you.
The orc warrior hits you with a +0 war axe!
The orc hits you with a +0 short sword. The black bear completely misses you.
The black bear barely misses you. The black bear closely misses you.
5471 ||| READING scroll of teleportation.
As you read the scroll of teleportation, it crumbles to dust.
You feel strangely unstable. The orc hits you but does no damage.
The black bear barely misses you. The black bear claws you.
The black bear completely misses you.
The orc warrior hits you with a +0 war axe!
You die...

. #.### .#.....## ...
###.......## #.#
.......... ..#.##
.....%.. .# ..
.#.....### .# .# .......
< .##.# ..##ho#.#
....#### #)##o@#.##
.......## #.##.....#
........# #.###.#..##.#
....##).# #.###.......#
#<.###..####?.......####
#..##.....#.........#
........#.#.#########
#####.#.....# #.###.###


You could see an orc warrior, a black bear and an orc.

Vanquished Creatures
  Maggie (D:7)
  A water moccasin (D:7)
  Duvessa (D:6)
  2 black bears (D:5)
  An ogre (D:7)
  4 phantoms
  A bullfrog (D:7)
  3 scorpions
  Dowan (D:6)
  A howler monkey (D:7)
  7 hounds
  6 jellies
  A gnoll bouda (D:6)
  An orc priest (D:3)
  2 sleepcaps
  2 iguanas
  3 orc wizards
  4 gnolls (D:6)
  8 adders
  A shadow imp (D:5)
  A white imp (D:7)
  An ufetubus (D:6)
  2 worms
  3 dart slugs
  22 orcs
  5 ball pythons
  5 bats
  4 endoplasms
  2 giant cockroaches (D:1)
  7 goblins
  5 hobgoblins
  8 jackals (D:4)
  6 kobolds
  4 quokkas
  3 frilled lizards
  7 rats
136 creatures vanquished.

Notes
Turn   | Place    | Note
-------+----------+-------------------------------------------
     0 | D:1      | qw the Deep Elf Hunter began the quest for the Orb.
     0 | D:1      | Reached XP level 1. HP: 12/12 MP: 3/3
     0 | D:1      | 0 ||| qw: Version: 0.3-a-9-g12657ce
     0 | D:1      | 0 ||| qw: Game counter: 2391
     0 | D:1      | 0 ||| qw: Always use a shield: true
     0 | D:1      | 0 ||| qw: God list: Okawaru
     0 | D:1      | 0 ||| qw: Allow faded altars: false
     0 | D:1      | 0 ||| qw: Do Orc after D:15 true
     0 | D:1      | 0 ||| qw: Do second Lair branch before Depths: true
     0 | D:1      | 0 ||| qw: Lair rune preference: random
     0 | D:1      | 0 ||| qw: Plans: Normal
     0 | D:1      | 0 ||| PLANNING D:1-11
   179 | D:1      | Reached skill level 6 in Ranged Weapons
   179 | D:1      | Reached XP level 2. HP: 16/16 MP: 4/4
   725 | D:1      | 725 ||| UPGRADING to +0 scale mail.
   735 | D:1      | 735 ||| DROPPING +0 leather armour.
   736 | D:1      | 736 ||| UPGRADING to amulet of regeneration.
   741 | D:1      | 741 ||| READING scroll labelled YMAQUL VYPPUNN.
   742 | D:1      | 742 ||| DROPPING scroll of butterflies.
   766 | D:2      | 766 ||| STAIRDANCE
   786 | D:2      | Found a faded altar of an unknown god.
   952 | D:2      | Reached XP level 3. HP: 20/20 MP: 5/5
  1041 | D:2      | Found a runed translucent door.
  1042 | D:2      | Noticed Crazy Yiuf
  1297 | D:2      | Reached skill level 7 in Ranged Weapons
  1297 | D:2      | 1297 ||| FLEEEEING.
  1298 | D:2      | 1298 ||| FLEEEEING.
  1299 | D:2      | 1299 ||| FLEEEEING.
  1300 | D:2      | 1300 ||| FLEEEEING.
  1491 | D:2      | 1491 ||| READING scroll labelled HUEPHA SOVA.
  1492 | D:2      | 1492 ||| READING scroll labelled LODOCIOMOMUPT.
  1493 | D:2      | 1493 ||| DRINKING 2 smoky grey potions.
  1494 | D:2      | 1494 ||| DRINKING 2 sedimented blue potions.
  1495 | D:2      | 1495 ||| READING 3 scrolls of identify.
  1495 | D:2      | 1495 ||| IDENTIFYING brown potion
  1496 | D:2      | 1496 ||| READING 2 scrolls of identify.
  1496 | D:2      | 1496 ||| IDENTIFYING emerald potion
  1497 | D:2      | 1497 ||| DROPPING potion of brilliance.
  1554 | D:3      | Found a glowing golden altar of the Shining One.
  1756 | D:3      | Reached XP level 4. HP: 25/25 MP: 6/6
  1800 | D:3      | 1800 ||| READING 2 scrolls of brand weapon.
  1800 | D:3      | 1800 ||| BRANDING +0 shortbow of freezing.
  1801 | D:3      | 1801 ||| READING scroll of brand weapon.
  1801 | D:3      | 1801 ||| BRANDING +0 shortbow of flaming.
  1943 | D:3      | Reached skill level 8 in Ranged Weapons
  2231 | D:3      | 2231 ||| UPGRADING to +0 ring mail.
  2241 | D:3      | 2241 ||| DROPPING +0 scale mail.
  2242 | D:3      | 2242 ||| UPGRADING to +6 ring of strength.
  2243 | D:3      | 2243 ||| READING scroll labelled VIRYGRATAAS.
  2248 | D:3      | 2248 ||| READING scroll labelled SECKIO NIYB.
  2249 | D:3      | 2249 ||| READING 5 scrolls of identify.
  2249 | D:3      | 2249 ||| IDENTIFYING blue potion
  2250 | D:3      | 2250 ||| READING 4 scrolls of identify.
  2250 | D:3      | 2250 ||| IDENTIFYING viscous inky potion
  2251 | D:3      | 2251 ||| READING 3 scrolls of identify.
  2251 | D:3      | 2251 ||| IDENTIFYING yellow potion
  2252 | D:3      | 2252 ||| DROPPING potion of lignification.
  2344 | D:4      | Reached XP level 5. HP: 29/29 MP: 7/7
  2430 | D:4      | Found a sparkling altar of Nemelex Xobeh.
  2470 | D:4      | Reached skill level 9 in Ranged Weapons
  2895 | D:4      | HP: 3/30 [iguana (12)]
  2896 | D:4      | 2896 ||| DRINKING potion of heal wounds.
  2898 | D:4      | Reached XP level 6. HP: 35/35 MP: 8/8
  2905 | D:4      | Found a shadowy altar of Dithmenos.
  2918 | D:4      | Reached skill level 3 in Dodging
  3088 | D:4      | 3088 ||| UPGRADING to +0 helmet.
  3093 | D:4      | 3093 ||| READING scroll labelled NUNLEFFIJU.
  3094 | D:4      | 3094 ||| READING 2 scrolls of identify.
  3094 | D:4      | 3094 ||| IDENTIFYING sedimented green potion
  3120 | D:5      | Entered Level 5 of the Dungeon
  3181 | D:5      | Reached skill level 10 in Ranged Weapons
  3187 | D:5      | Identified the +9 dagger of Starshine {heavy, Fragile rPois
                  | rC+ rN++}
  3225 | D:5      | Found an iron altar of Okawaru.
  3226 | D:5      | 3226 ||| PLANNING OKAWARU WORSHIP
  3233 | D:5      | Became a worshipper of Warmaster Okawaru
  3234 | D:5      | 3234 ||| PLANNING D:1-11
  3264 | D:5      | Reached XP level 7. HP: 40/40 MP: 9/9
  3685 | D:5      | Reached skill level 11 in Ranged Weapons
  3727 | D:5      | Reached skill level 1 in Armour
  3747 | D:5      | Found a hide-covered altar of Uskayaw.
  3758 | D:5      | Reached * piety under Okawaru
  3838 | D:5      | Found a burning altar of Makhleb.
  3945 | D:5      | Found an ornate altar of the Wu Jian Council.
  4062 | D:5      | 4062 ||| UPGRADING to +0 pair of gloves.
  4067 | D:5      | 4067 ||| READING scroll labelled IDAWIA FATIELEO.
  4068 | D:5      | 4068 ||| READING 3 scrolls of identify.
  4068 | D:5      | 4068 ||| IDENTIFYING glowing grey potion
  4069 | D:5      | 4069 ||| READING 2 scrolls of identify.
  4069 | D:5      | 4069 ||| IDENTIFYING golden potion
  4070 | D:5      | 4070 ||| DROPPING potion of invisibility.
  4153 | D:6      | 4153 ||| INVOKING Heroism.
  4176 | D:6      | 4176 ||| INVOKING Heroism.
  4178 | D:6      | Reached XP level 8. HP: 44/44 MP: 7/10
  4215 | D:6      | Reached skill level 12 in Ranged Weapons
  4215 | D:6      | 4215 ||| INVOKING Heroism.
  4261 | D:6      | Reached skill level 3 in Fighting
  4288 | D:6      | Reached skill level 1 in Invocations
  4313 | D:6      | 4313 ||| INVOKING Heroism.
  4769 | D:6      | Noticed Dowan
  4770 | D:6      | Noticed Duvessa
  4778 | D:6      | Killed Duvessa
  4780 | D:6      | 4780 ||| INVOKING Heroism.
  4782 | D:6      | Killed Dowan
  4783 | D:6      | Reached skill level 13 in Ranged Weapons
  4931 | D:6      | 4931 ||| DROPPING amulet of guardian spirit.
  4932 | D:6      | 4932 ||| READING scroll labelled GUDWEP NIHUSOJOUD.
  4959 | D:7      | Identified the +2 ring mail of Sorcery {Dex+2}
  4971 | D:7      | Found a staircase to the Ecumenical Temple.
  4989 | D:7      | Noticed Maggie
  4991 | D:7      | 4991 ||| FLEEEEING.
  4992 | D:7      | 4992 ||| FLEEEEING.
  4994 | D:7      | 4994 ||| FLEEEEING.
  4997 | D:7      | 4997 ||| FLEEEEING.
  4998 | D:7      | 4998 ||| FLEEEEING.
  5001 | D:7      | 5001 ||| FLEEEEING.
  5002 | D:7      | 5002 ||| FLEEEEING.
  5003 | D:7      | 5003 ||| INVOKING Heroism.
  5007 | D:7      | Killed Maggie
  5008 | D:7      | Reached skill level 6 in Dodging
  5109 | D:7      | 5109 ||| INVOKING Heroism.
  5262 | D:7      | Reached XP level 9. HP: 50/50 MP: 12/12
  5320 | D:7      | Found a white marble altar of Elyvilon.
  5460 | D:7      | 5460 ||| INVOKING Heroism.
  5465 | D:7      | Reached skill level 3 in Invocations
  5470 | D:7      | HP: 12/50 [orc/+0 short sword (4)]
  5471 | D:7      | 5471 ||| READING scroll of teleportation.
  5471 | D:7      | Slain by an orc warrior

Levels and vault maps discovered:
D:1:      minmay_arrival_nine_rooms, layout_loops_ring,
          minmay_misc_feat_diagonals
D:2:      layout_loops_ring, ebering_ecumenical_altar_mist,
          minmay_pentomino_pile, uniq_crazy_yiuf_cottage
D:3:      layout_basic, nicolae_overflow_crystal_walls, grunt_ministairs_3
D:4:      layout_basic, grunt_dithmenos_smoke_and_mirrors,
          nemelex_spade_bored_becter
D:5:      layout_basic, mainiacjoe_overflow_boulevard,
          pdpol_wu_jian_five_deadly_venoms, makhleb_blood_cavern_becter,
          nicolae_uskayaw_murder_on_the_dancefloor, nrook_mini_vaults
D:6:      layout_loops_ring, amcnicky_mini_pool_small, minmay_misc_feat_encased,
          uniq_duvessa
D:7:      layout_loops_cross, elyvilon_altar_1, nicolae_sif_muna_condensation,
          minmay_temple_entry_slanted, uniq_maggie

Skill      XL: |  1  2  3  4  5  6  7  8  9 |
---------------+----------------------------+-----
Ranged Weapons | 6 7 8 9 10 11 13 | 13.5
Fighting       | 2 3 |  3.0
Dodging        | 3 4 6 |  6.5
Armour         | 1 |  1.6
Invocations    | 2 3 |  3.3
Stealth        | |  1.2

Action                     |  1- 3 |  4- 6 |  7- 9 || total
---------------------------+-------+-------+-------++-------
   Fire: Shortbow          |   101 |   135 |   154 ||   390
 Invoke: Heroism           |       |       |     8 ||     8
    Use: Scroll            |     5 |     9 |     5 ||    19
         Potion            |     2 |     1 |       ||     3
 Armour: Scale mail        |    13 |     7 |       ||    20
         Ring mail         |       |    25 |    23 ||    48
  Dodge: Dodged            |    21 |    58 |    69 ||   148

Table legend:
 A = Non-vault XP
 B = Vault XP
 C = Vault XP percentage of total XP
 D = Non-vault monster count
 E = Vault monster count
 F = Vault count percentage of total count
                 A         B        C        D         E       F
            +---------+---------+-------+---------+---------+-------
      Total |    2539 |     660 |  20.6 |     123 |      13 |   9.6
            +---------+---------+-------+---------+---------+-------
        D:1 |      28 |       0 |   0.0 |      15 |       0 |   0.0
        D:2 |      17 |      22 |  56.4 |      10 |       7 |  41.2
        D:3 |      97 |       6 |   5.8 |      21 |       2 |   8.7
        D:4 |     240 |       0 |   0.0 |      26 |       0 |   0.0
        D:5 |     790 |      40 |   4.8 |      18 |       1 |   5.3
        D:6 |     780 |     207 |  21.0 |      23 |       2 |   8.0
        D:7 |     587 |     385 |  39.6 |      10 |       1 |   9.1
            +---------+---------+-------+---------+---------+-------
